 Dungeon Crawl Stone Soup version 0.19.0-22-gd96e5fe (webtiles) character file.

288102 kuniqs the Peltast (level 20, -9/114 HPs)
             Began as a Vine Stalker Artificer on Nov 18, 2016.
             Was a High Priest of Elyvilon.
             Mangled by a lorocyproca (23 damage)
             ... summoned by a deep elf demonologist
             ... led by an ironheart preserver
             ... on level 2 of the Vaults on Nov 19, 2016.
             The game lasted 02:00:34 (33550 turns).

kuniqs the Peltast (Vine Stalker Artificer)        Turns: 33550, Time: 02:00:36

Health: -9/114     AC: 11    Str: 17    XL:     20   Next: 68%
Magic:  0/30       EV: 32    Int: 13    God:    Elyvilon [*****.]
Gold:   2357       SH: 21    Dex: 22    Spells: 3 memorised, 12 levels left

rFire  + . .     SeeInvis .     Q - +4 arc blade {discharge, rElec}
rCold  . . .     Gourm    .     N - +0 troll leather armour
rNeg   . . .     Faith    .     W - +0 shield {reflect}
rPois  .         Spirit   +     (helmet restricted)
rElec  +         Reflect  +     P - +0 cloak
rCorr  .         Harm     .     s - +0 pair of gloves
MR     ++...                    u - +0 pair of boots
Stlth  ++++++....               O - +3 amulet of reflection
                                X - ring of Shaolin {EV+8}
                                V - ring of protection from fire

@: lethally poisoned (-9 -> -9), about to teleport
A: fangs 3, horns 1, large bone plates 1, rugged brown scales 1, clever 1, sense
surroundings 1, regeneration 2, magic shield, antimagic bite, no device heal 3,
rot immunity
a: Lesser Healing, Heal Other, Purification, Greater Healing, Divine Vigour,
Divine Protection, Renounce Religion
}: 2/15 runes: decaying, serpentine


You were on level 2 of the Vaults.
You worshipped Elyvilon.
Elyvilon was extremely pleased with you.
You were not hungry.

You visited 7 branches of the dungeon, and saw 35 of its levels.
You visited 1 bazaar.
You also visited: Labyrinth, Sewer and Wizlab.

You collected 3558 gold pieces.
You spent 1201 gold pieces at shops.

Inventory:

Hand Weapons
 Q - the +4 arc blade (weapon) {discharge, rElec}
   (You took it off an orc warrior on level 9 of the Dungeon)

   It insulates you from electricity.
Missiles
 y - a throwing net (quivered)
Armour
 s - a +0 pair of gloves (worn)
 u - a +0 pair of boots (worn)
 N - a +0 troll leather armour (worn)
 P - a +0 cloak (worn)
 U - +0 swamp dragon scales
 W - a +0 shield of reflection (worn)
Jewellery
 c - an uncursed ring of protection from cold
 O - a +3 amulet of reflection (around neck)
 V - a ring of protection from fire (left hand)
 X - the ring of Shaolin (right hand) {EV+8}
   (You found it in a labyrinth)

   [ring of evasion]

   It affects your evasion (+8).
Wands
 a - a wand of confusion (19/48)
 t - a wand of hasting (5/9)
 B - a wand of disintegration (7/24)
 I - a wand of acid (10/15)
 L - a wand of enslavement (8/24)
 S - a wand of digging (9/24)
 T - a wand of paralysis (9/24)
 Y - a wand of teleportation (3/9)
Scrolls
 b - a scroll of brand weapon
 l - 3 scrolls of teleportation
 n - 4 scrolls of remove curse {@r2}
 r - 7 scrolls of fog
 w - 3 scrolls of blinking
 x - a scroll of holy word
 A - 9 scrolls of enchant weapon
 D - 6 scrolls of enchant armour
 E - 3 scrolls of summoning
 F - 7 scrolls of magic mapping
 G - 10 scrolls of recharging
 H - 8 scrolls of identify {@r1}
 M - 4 scrolls of acquirement
 R - 5 scrolls of fear
 Z - 3 scrolls of immolation
Potions
 g - 2 potions of magic
 h - 3 potions of cancellation
 i - 2 potions of resistance
 j - 13 potions of curing {@q1}
 k - a potion of invisibility
 m - 6 potions of brilliance
 o - 5 potions of haste
 p - 11 potions of flight
 q - 2 potions of cure mutation
 v - 7 potions of might
 z - 2 potions of berserk rage
 C - 5 potions of agility
 K - a potion of ambrosia
Comestibles
 d - 17 bread rations
 e - 16 meat rations
 f - 20 fruits
 J - 21 chunks of flesh


   Skills:
 - Level 14.0 Fighting
 - Level 14.0 Short Blades
 + Level 9.6 Armour
 + Level 12.9 Dodging
 - Level 14.0 Stealth
 - Level 15.0 Shields
 - Level 12.0 Invocations
 - Level 6.0 Evocations


You had 12 spell levels left.
You knew the following spells:

 Your Spells              Type           Power        Failure   Level  Hunger
a - Confuse               Hex            #.......     90%         3    ####...
b - Dazzling Spray        Conj/Hex       #.....       90%         3    ####...
c - Summon Butterflies    Summ           #.......     34%         1    ##.....


Dungeon Overview and Level Annotations

Branches:
Dungeon (15/15)            Temple (1/1) D:6            Lair (6/6) D:9
  Swamp (4/4) Lair:2        Snake (4/4) Lair:3        Slime (0/5) Lair:6
    Orc (2/2) D:10            Elf (0/3) Orc:2        Vaults (3/5) D:13
 Depths (0/5) D:15
  Crypt: Vaults:2-3

Altars:
Ashenzari
Cheibriados
Elyvilon
Fedhas
Gozag
Hepliaklqana
Kikubaaqudgha
Makhleb
Nemelex Xobeh
Okawaru
Qazlal
Ru
Sif Muna
Trog
Uskayaw
Vehumet
Xom
Yredelemnul
Zin
The Shining One
Beogh

Shops:
Orc:2 ?(?(   Snake:3 =}}   Vaults:2 =*}%

Portals:
Trove: D:10 (show slimy rune of Zot)

Annotations:
D:11 Erolcha
D:12 Zorot's ghost, journeyman GrBe
Swamp:3 Bai Suzhen
Snake:4 attackplan's ghost, adept HOFi
Vaults:1 exclusion: downstairs


Innate Abilities, Weirdness & Mutations

You have razor-sharp teeth.
You heal very quickly.
When hurt, damage is shared between your health and your magic reserves.
Your bite disrupts and absorbs the magic of your enemies.
Potions and wands cannot restore your health.
You are immune to rotting.
You have a pair of small horns on your head.
You are partially covered in large bone plates. (SH +4)
You are partially covered in rugged brown scales. (AC +1, +3% HP)
Your mind is acute. (Int +2)
You passively map a small area around you.


Message History

The deep elf mage casts a spell at you.
The bolt of cold hits the ynoxinul.
The ynoxinul resists.
The bolt of cold hits you!
* * * LOW HITPOINT WARNING * * *
You hit the ghostly deep elf death mage.
Your headbutt misses the ghostly deep elf death mage.
You bite the ghostly deep elf death mage!
The ghostly deep elf death mage's magic leaks into the air.
You drain its magic.
You feel invigorated. You block the wolf spider's attack.
The wolf spider completely misses you. You block the hellion's attack.
The deep elf annihilator gestures wildly while chanting.
The deep elf annihilator blinks!
The deep elf archer unwields an uncursed short sword.
The deep elf archer wields an uncursed shortbow.
The deep elf archer shoots an arrow.
The hellwing hits you!
* * * LOW HITPOINT WARNING * * *
You block the hellwing's attack.
The ghostly deep elf death mage misses you.
Something hits you!!
You die...

#....#..#....#*, , ..#*
#..).#..#....# , ... ,
#####+###+##+#######'####
*
.........................
....................Y....
,
................*§)e.....
...............13........
..............32ee..§....
,,
................@{.......
,
...............4sp.......
...............e.........
. ..............e. , .
................ ,
##+###+######### #+ ,,
##. , , ##.. , ##..H


You could see a Tzitzimitl, a vault warden, a deep elf annihilator, a ghostly
deep elf death mage, a soul eater, a wolf spider, a deep elf demonologist, a
deep elf archer, a hellwing, a deep elf mage, a hellion, a ynoxinul, an ice
beast and a lost soul.

Vanquished Creatures
  Saint Roka (Vaults:1)
  Nikola (Swamp:2)
  Jorgrun (Snake:4)
  Rupert (Orc:2)
  A storm dragon (D:12)
  A thorn hunter (Swamp:4)
  Donald (Swamp:1)
  A sphinx (Vaults:3)
  7 nagarajas (Snake:4)
  A fire giant (Vaults:3)
  6 vault wardens
  2 deep elf sorcerers
  Aizul (Snake:4)
  9 ironheart preservers
  3 very ugly things (Vaults:1)
  11 purple draconians (WizLab)
  A deep elf demonologist (Vaults:1)
  A deep elf death mage (Vaults:1)
  2 ettins
  3 statues (WizLab)
  A minotaur (Lab)
  2 fire dragons
  Josephine (Orc:1)
  4 yaktaur captains
  5 ice dragons
  2 rakshasas (Vaults:1)
  7 vault guards
  21 naga warriors
  27 hydras
  A ghost crab (Swamp:1)
  5 centaur warriors
  A death knight (D:12)
  11 anacondas
  8 ogre magi
  6 alligators
  5 tengu warriors (D:13)
  2 shock serpents
  16 naga sharpshooters
  5 deep elf knights
  A fire crab (Lair:5)
  A salamander mystic (Snake:3)
  4 skeletal warriors
  4 spriggan druids
  3 deep trolls (Vaults:1)
  An unseen horror (Vaults:1)
  9 naga ritualists
  10 swamp dragons
  2 wizards
  A shambling mangrove (Swamp:4)
  4 orc knights
  2 deep elf archers
  5 ironbrand convokers
  8 hill giants
  4 harpies (D:13)
  21 ugly things
  20 deep elf magi
  5 mana vipers (Snake:1)
  An oklob plant (Lair:2)
  4 orc sorcerers
  2 manticores
  7 cyclopes
  Maurice (D:12)
  2 centaur zombies
  4 guardian serpents
  9 salamanders
  39 black mambas
  27 naga magi
  3 vault sentinels
  4 gargoyles (Lab)
  Psyche (D:11)
  3 kobold demonologists
  A spiny frog (shapeshifter) (D:15)
  17 spiny frogs
  5 rime drakes
  3 centaur skeletons
  18 yaktaurs
  7 komodo dragons
  2 freezing wraiths (D:12)
  An efreet (D:15)
  A tengu conjurer (D:13)
  A queen bee (shapeshifter) (Vaults:2)
  A queen bee (Lair:2)
  2 meliai (shapeshifter) (Vaults:2)
  7 trolls
  5 tyrant leeches
  Prince Ribbit (D:5)
  5 polar bears
  A wind drake (shapeshifter) (Vaults:2)
  12 hornets
  10 slime creatures
  34 blink frogs
  5 hippogriffs
  19 two-headed ogres
  7 bog bodies
  Sigmund (D:5)
  2 centaur simulacra
  4 shadows
  2 vampires (D:15)
  A redback (Lair:6)
  32 spriggans
  5 wraiths
  3 wyverns
  4 hogs (D:7)
  45 yaks
  A human (D:7)
  4 basilisks
  17 vampire mosquitoes
  8 hungry ghosts
  3 wargs
  A steam dragon (Lair:3)
  A soldier ant (shapeshifter) (Vaults:1)
  A soldier ant (D:11)
  20 swamp worms
  3 mottled dragons
  50 nagas
  8 insubstantial wisps
  13 porcupines
  14 water moccasins
  5 black bears
  12 swamp drakes
  A hornet zombie (D:15)
  34 orc warriors
  4 ice beasts
  5 sky beasts
  A phantom (D:6)
  50 ogres
  An eye of draining (D:11)
  14 boggarts
  6 necrophages
  28 wolves
  12 crocodiles
  11 centaurs
  5 big kobolds
  17 bullfrogs
  A wyvern zombie (D:13)
  4 scorpions
  39 killer bees
  12 wights
  2 howler monkeys
  3 crimson imps
  A bullfrog zombie (D:5)
  4 jellies
  3 hounds
  18 orc priests
  34 orc wizards
  Jessica (D:2)
  7 iguanas
  15 worker ants
  A killer bee zombie (D:10)
  3 hound skeletons
  4 worker ant zombies
  6 river rats (Sewer)
  18 adders
  3 shadow imps
  2 oozes
  2 worms
  A dart slug (D:1)
  6 leopard geckos
  113 orcs
  7 giant cockroaches
  10 goblins
  6 hobgoblins
  16 jackals
  34 kobolds
  5 quokkas
  7 ball pythons
  6 bats
  3 frilled lizards
  A leopard gecko skeleton (D:5)
  A quokka skeleton (D:6)
  A quokka zombie (D:6)
  27 rats
  A briar patch (Swamp:4)
  2 fungi (D:9)
  3 plants
1444 creatures vanquished.

Vanquished Creatures (collateral kills)
  An oklob plant (Lair:2)
1 creature vanquished.

Vanquished Creatures (others)
  A hydra (Swamp:4)
  2 naga sharpshooters
  A shock serpent (Snake:4)
  2 cyclopes
  A deep elf mage (WizLab)
  2 yaktaurs
  A naga (Snake:4)
  An orc wizard (Orc:2)
  A jackal (D:1)
  4 plants
16 creatures vanquished.

Grand Total: 1461 creatures vanquished

Notes
Turn   | Place    | Note
-------+----------+-------------------------------------------
     0 | D:1      | kuniqs the Vine Stalker Artificer began the quest for the Orb.
     0 | D:1      | Reached XP level 1. HP: 9/9 MP: 3/3
     7 | D:1      | Reached skill level 1 in Fighting
     7 | D:1      | Reached skill level 1 in Short Blades
    93 | D:1      | Reached XP level 2. HP: 6/14 MP: 5/5
   949 | D:1      | Reached XP level 3. HP: 10/18 MP: 6/6
  1606 | D:3      | Gained mutation: Your natural rate of healing is unusually fast. [Vine Stalker growth]
  1606 | D:3      | Reached XP level 4. HP: 21/23 MP: 7/7
  1855 | D:1      | HP: 1/23 [poisoned by a worker ant]
  1860 | D:1      | HP: 1/23 [poisoned by a worker ant]
  2129 | D:2      | Noticed Jessica
  2142 | D:2      | Killed Jessica
  2142 | D:2      | Reached XP level 5. HP: 26/26 MP: 8/8
  2486 | D:3      | Found an opulent altar of Gozag.
  2795 | D:4      | Found a glowing drain.
  2799 | Sewer    | Entered a sewer
  2818 | Sewer    | Reached XP level 6. HP: 27/30 MP: 9/9
  3262 | Sewer    | Reached XP level 7. HP: 34/35 MP: 8/10
  4110 | D:5      | Entered Level 5 of the Dungeon
  4277 | D:5      | Reached skill level 5 in Short Blades
  4302 | D:5      | Found a glowing golden altar of the Shining One.
  4307 | D:5      | Noticed Sigmund
  4309 | D:5      | Killed Sigmund
  4309 | D:5      | Gained mutation: You have razor-sharp teeth. [Vine Stalker growth]
  4309 | D:5      | Reached XP level 8. HP: 39/39 MP: 11/11
  4422 | D:5      | Noticed Prince Ribbit
  4431 | D:5      | Killed Prince Ribbit
  4431 | D:5      | Reached skill level 5 in Dodging
  5693 | D:6      | Noticed a hand axe
  5694 | D:6      | Noticed a hand axe
  5696 | D:6      | Found a hide-covered altar of Uskayaw.
  5758 | D:6      | Found a staircase to the Ecumenical Temple.
  5767 | Temple   | Entered the Ecumenical Temple
  5827 | Temple   | Became a worshipper of Elyvilon the Healer
  5903 | D:6      | Reached XP level 9. HP: 30/42 MP: 8/12
  6412 | D:7      | Found an ancient bone altar of Kikubaaqudgha.
  6414 | D:7      | Found a basalt altar of Yredelemnul.
  6568 | D:7      | Found a deep blue altar of Sif Muna.
  6617 | D:7      | Found a bloodstained altar of Trog.
  6857 | D:7      | Reached * piety under Elyvilon
  7035 | D:7      | Reached skill level 1 in Invocations
  7368 | D:8      | Reached XP level 10. HP: 44/46 MP: 13/13
  8397 | D:9      | Found a staircase to the Lair.
  8572 | D:10     | Entered Level 10 of the Dungeon
  8624 | D:9      | Reached ** piety under Elyvilon
  8829 | D:9      | Found a shattered altar of Ashenzari.
  9043 | D:9      | Found a deep blue altar of Sif Muna.
  9055 | D:9      | Learned a level 3 spell: Confuse
  9059 | D:9      | Learned a level 3 spell: Dazzling Spray
  9243 | D:9      | Reached skill level 5 in Invocations
  9333 | D:11     | Noticed a hill giant
  9504 | D:10     | Found a portal to a secret trove of treasure.
  9610 | D:10     | Found a staircase to the Orcish Mines.
  9677 | D:10     | Reached *** piety under Elyvilon
  9915 | D:11     | Killed a hill giant
  9949 | D:10     | Reached XP level 11. HP: 39/50 MP: 16/16
 10226 | D:11     | Noticed Erolcha
 10376 | D:13     | Noticed a tengu warrior
 10380 | D:13     | Killed a tengu warrior
 10583 | D:13     | Noticed a hill giant
 10604 | D:13     | Killed a hill giant
 10701 | D:12     | Noticed Zorot's ghost (journeyman GrBe)
 10787 | D:12     | Noticed a cyclops
 10818 | D:12     | Killed a cyclops
 10872 | D:12     | Reached **** piety under Elyvilon
 10872 | D:12     | Noticed a hill giant
 10886 | D:12     | Killed a hill giant
 10886 | D:12     | Reached skill level 10 in Short Blades
 11024 | D:12     | Noticed Maurice
 11027 | D:12     | Noticed a death knight
 11057 | D:12     | Killed Maurice
 11182 | D:11     | Gained mutation: You passively map a small area around you. [potion of beneficial mutation]
 11213 | D:11     | Noticed Psyche
 11220 | D:11     | Killed Psyche
 11223 | D:11     | Gained mutation: You are partially covered in large bone plates. (SH +4) [potion of mutation]
 11223 | D:11     | Gained mutation: You are partially covered in rugged brown scales. (AC +1, +3% HP) [potion of mutation]
 11223 | D:11     | Gained mutation: Your mind is acute. (Int +2) [potion of mutation]
 11282 | D:11     | Noticed a cyclops
 11353 | D:11     | Noticed a hill giant
 11357 | D:11     | Killed a hill giant
 11777 | D:12     | Gained mutation: You heal very quickly. [Vine Stalker growth]
 11777 | D:12     | Reached XP level 12. HP: 54/55 MP: 19/19
 11813 | D:12     | Killed a death knight
 11837 | D:12     | Reached skill level 5 in Stealth
 12257 | D:12     | Noticed a centaur warrior
 12287 | D:12     | Killed a centaur warrior
 12530 | D:14     | Noticed a centaur warrior
 12537 | D:14     | Killed a centaur warrior
 12605 | D:15     | Entered Level 15 of the Dungeon
 12775 | Orc:1    | Entered Level 1 of the Orcish Mines
 12938 | Orc:2    | Entered Level 2 of the Orcish Mines
 12949 | Orc:1    | Paralysed by an orc sorcerer for 4 turns
 12954 | Orc:1    | Noticed a sun demon
 13223 | Orc:2    | Noticed Josephine
 13229 | Orc:2    | Reached XP level 13. HP: 59/61 MP: 20/20
 13244 | Orc:1    | Killed Josephine
 13437 | Orc:2    | Found a staircase to the Elven Halls.
 13567 | Orc:2    | Noticed an ettin
 13578 | Orc:2    | Killed an ettin
 13606 | Orc:2    | Reached skill level 5 in Fighting
 13682 | Orc:2    | Noticed Rupert
 13690 | Orc:2    | Killed Rupert
 13768 | Orc:2    | Found Ytosuox's Magic Scroll Shop.
 13922 | Orc:2    | Found Massakhu's Antique Weapon Shoppe.
 13922 | Orc:2    | Found Wepsib's Weapon Shop.
 13922 | Orc:2    | Found Vuwnid's Magic Scroll Emporium.
 14048 | Orc:2    | Bought a scroll of immolation for 59 gold pieces
 14051 | Orc:2    | Bought a scroll of acquirement for 728 gold pieces
 14126 | Orc:2    | Found a roughly hewn altar of Beogh.
 14475 | Lair:1   | Entered Level 1 of the Lair of Beasts
 14563 | Lair:1   | Reached XP level 14. HP: 59/74 MP: 17/21
 14590 | Lair:1   | Reached ***** piety under Elyvilon
 15463 | Lair:2   | Found a staircase to the Swamp.
 15825 | Lair:3   | Found a staircase to the Snake Pit.
 15838 | Lair:3   | Found a labyrinth entrance.
 15850 | Lab      | Entered a labyrinth
 15998 | Lab      | Reached skill level 5 in Evocations
 16085 | Lab      | Found an exit through the horrors of the Abyss.
 16447 | Lair:3   | Gained mutation: You have a pair of small horns on your head. [potion of beneficial mutation]
 16837 | Lair:3   | Reached ****** piety under Elyvilon
 17056 | Lair:3   | Reached skill level 1 in Shields
 17366 | Lair:5   | Reached skill level 2 in Shields
 18235 | Lair:5   | Reached skill level 3 in Shields
 18243 | Lair:5   | Reached skill level 10 in Fighting
 18247 | Lair:6   | Entered Level 6 of the Lair of Beasts
 18525 | Lair:5   | Reached skill level 4 in Shields
 18688 | Lair:5   | Reached XP level 15. HP: 68/83 MP: 18/22
 19177 | Lair:6   | Reached skill level 10 in Dodging
 19198 | Lair:6   | Found a staircase to the Slime Pits.
 20111 | Snake:1  | Entered Level 1 of the Snake Pit
 20191 | Snake:2  | Found a flickering gateway to a bazaar.
 20210 | Bazaar   | Entered a bazaar
 20224 | Bazaar   | Found Wusutaz's Magic Scroll Emporium.
 20266 | Bazaar   | Found Xiucaf's Gadget Emporium.
 20266 | Bazaar   | Found Pacismom's Antique Armour Shoppe.
 20287 | Bazaar   | Found Mili's Magic Scroll Shoppe.
 20291 | Bazaar   | Bought a scroll of amnesia for 52 gold pieces
 20317 | Bazaar   | Bought a scroll of enchant armour for 112 gold pieces
 20338 | Bazaar   | Bought a runed large shield for 136 gold pieces
 20424 | Bazaar   | Bought a scroll of magic mapping for 42 gold pieces
 20424 | Bazaar   | Bought a scroll of identify for 24 gold pieces
 20424 | Bazaar   | Bought a scroll of identify for 24 gold pieces
 20424 | Bazaar   | Bought a scroll of identify for 24 gold pieces
 20881 | Snake:1  | Reached skill level 5 in Shields
 21092 | Snake:1  | Reached XP level 16. HP: 92/92 MP: 23/23
 21516 | Snake:2  | Reached skill level 6 in Shields
 22057 | Snake:2  | Reached skill level 7 in Shields
 22375 | Snake:4  | Entered Level 4 of the Snake Pit
 22679 | Snake:2  | Reached skill level 8 in Shields
 23107 | Snake:3  | Reached skill level 9 in Shields
 23714 | Snake:3  | Found Ocrist's Jewellery Boutique.
 23714 | Snake:3  | Found Kohajaang's Gadget Shoppe.
 23723 | Snake:3  | Found Zapnam's Gadget Shoppe.
 23874 | Snake:4  | Noticed Aizul
 23925 | Snake:4  | Killed Aizul
 24007 | Snake:4  | Noticed attackplan's ghost (adept HOFi)
 24231 | Snake:4  | Reached XP level 17. HP: 99/99 MP: 25/25
 24558 | Snake:4  | Reached skill level 10 in Invocations
 24565 | Snake:4  | Noticed Jorgrun
 24582 | Snake:4  | Killed Jorgrun
 24612 | Snake:4  | Reached skill level 10 in Shields
 24966 | Snake:4  | Reached skill level 11 in Shields
 25035 | Snake:4  | Got a serpentine rune of Zot
 25268 | Swamp:1  | Entered Level 1 of the Swamp
 25408 | Swamp:1  | Noticed Donald
 25421 | Swamp:1  | Killed Donald
 25694 | Swamp:1  | Reached skill level 10 in Stealth
 26054 | Swamp:2  | Noticed Nikola
 26071 | Swamp:2  | Killed Nikola
 26071 | Swamp:2  | Reached XP level 18. HP: 100/105 MP: 22/28
 26235 | Swamp:3  | Identified the +5 chain mail "Cuwovve" {rPois rF- Dex+3} (You found it on level 3 of the Swamp)
 26240 | Swamp:3  | Reached skill level 12 in Shields
 26895 | Swamp:4  | Entered Level 4 of the Swamp
 27175 | Swamp:3  | Noticed Bai Suzhen
 27176 | Swamp:3  | NOOOOO
 27177 | Swamp:3  | NOOOOOOOOOOO
 27594 | Swamp:4  | Reached skill level 13 in Shields
 27642 | Swamp:4  | Got a decaying rune of Zot
 28767 | D:13     | Learned a level 1 spell: Summon Butterflies
 28914 | D:13     | Found a gate to the Vaults.
 29022 | D:13     | Reached skill level 1 in Armour
 29308 | D:13     | Reached XP level 19. HP: 106/109 MP: 29/29
 29598 | D:14     | Found a runed door.
 29814 | D:15     | Reached skill level 14 in Shields
 30364 | D:15     | Found a sacrificial altar of Ru.
 30568 | D:15     | WHEEE!
 30736 | D:15     | Found a staircase to the Depths.
 30977 | Vaults:1 | Entered Level 1 of the Vaults
 31172 | Vaults:1 | Reached skill level 5 in Armour
 31277 | Vaults:1 | Identified the ring of Aghegepp {Str+2 SInv} (You found it on level 1 of the Vaults)
 31725 | Vaults:1 | Noticed Saint Roka
 31742 | Vaults:1 | Killed Saint Roka
 31742 | Vaults:1 | Reached skill level 15 in Shields
 32297 | Vaults:1 | Reached XP level 20. HP: 69/114 MP: 18/30
 32528 | Vaults:2 | Found Qoumunor's Food Shoppe.
 32685 | Vaults:3 | Found a magical portal.
 32705 | WizLab   | Entered Iskenderun's Mystic Tower
 32706 | WizLab   | MEH
 32914 | WizLab   | Identified Wipsaokk's Grimoire of Enhancements and Evil Secrets
 32928 | WizLab   | Identified Iskenderun's Papyrus of Attacks
 32928 | WizLab   | Identified Iskenderun's Volume of Attacks
 33224 | Vaults:2 | Found Dinlecra's Jewellery Boutique.
 33302 | Vaults:2 | Found Difydyos's General Store.
 33321 | Vaults:2 | Found Waroa's Gadget Shop.
 33550 | Vaults:2 | Noticed a Tzitzimitl
 33550 | Vaults:2 | Mangled by a lorocyproca

Skill      XL: |  1  2  3  4  5  6  7  8  9 10 11 12 13 14 15 16 17 18 19 20 |
---------------+-------------------------------------------------------------+-----
Fighting       | 1 2 3 7 10 12 14 | 14.0
Short Blades   | 1 2 3 4 5 7 8 9 10 12 14 | 14.0
Stealth        | 2 3 9 10 14 | 14.0
Dodging        | 2 3 4 6 7 9 11 12 | 12.9
Invocations    | 2 6 9 12 | 12.0
Evocations     | 6 |  6.0
Shields        | 4 5 9 11 13 15 | 15.0
Armour         | 1 7 9 |  9.6

Action                   |  1- 3 |  4- 6 |  7- 9 | 10-12 | 13-15 | 16-18 | 19-21 || total
-------------------------+-------+-------+-------+-------+-------+-------+-------++-------
Melee: Short sword       |   129 |   151 |       |       |       |       |       ||   280
       Bite              |    38 |    68 |   158 |   260 |   325 |   472 |   256 ||  1577
       Dagger            |       |    93 |   440 |   113 |       |       |       ||   646
       Rapier            |       |       |       |   493 |  1084 |  1327 |   697 ||  3601
       Falchion          |       |       |       |    64 |       |       |       ||    64
       Headbutt          |       |       |       |       |   126 |   324 |   187 ||   637
       Unarmed           |       |       |       |       |     6 |       |       ||     6
Throw: Tomahawk          |       |       |       |     1 |       |       |       ||     1
Invok: Greater Healing   |       |       |       |     4 |     6 |    21 |     7 ||    38
       Lesser Healing    |       |       |       |       |     6 |    10 |       ||    16
       Purification      |       |       |       |       |     1 |     1 |       ||     2
       Heal Other        |       |       |       |       |       |     1 |     1 ||     2
Evoke: Wand              |     3 |     5 |       |     1 |    11 |     9 |     1 ||    30
       Phial of floods   |       |       |       |       |     1 |       |       ||     1
  Use: Potion            |       |     5 |     2 |     4 |     2 |     3 |       ||    16
       Scroll            |       |     5 |    15 |     9 |     8 |     7 |     6 ||    50
 Stab: Sleeping          |     1 |    11 |     7 |    15 |    40 |    24 |    39 ||   137
       Distracted        |       |       |     1 |     3 |     6 |     6 |       ||    16
       Petrified         |       |       |       |       |     1 |       |       ||     1
       Confused          |       |       |       |       |       |     2 |       ||     2
  Eat: Chunk             |     2 |     6 |    14 |    22 |    17 |    13 |     3 ||    77
       Pizza             |       |       |       |     1 |     7 |     1 |       ||     9
       Royal jelly       |       |       |       |     1 |     1 |    11 |       ||    13
       Beef jerky        |       |       |       |       |       |     3 |     5 ||     8
       Meat ration       |       |       |       |       |       |       |     2 ||     2
Armor: Leather armour    |    32 |    43 |    38 |    13 |       |       |       ||   126
       Troll leather arm |       |       |       |    60 |    47 |    36 |    17 ||   160
       Robe              |       |       |       |       |    10 |       |       ||    10
       Skin              |       |       |       |       |    22 |       |       ||    22
       Swamp dragon scal |       |       |       |       |       |    18 |       ||    18
Dodge: Dodged            |    82 |   149 |   196 |   507 |   542 |   649 |   183 ||  2308
Block: Other             |       |       |       |    29 |    46 |       |       ||    75
       Buckler           |       |       |       |       |   229 |   195 |       ||   424
       Reflection        |       |       |       |       |    15 |    71 |    32 ||   118
       Shield            |       |       |       |       |       |   715 |   363 ||  1078
       Rpst.: Falchion   |       |       |       |    17 |       |       |       ||    17
